Bruins vs Flyers

Created - 3 mai 2022 at 10:38

Goals
1 2 3 T
Bruins 0 1 2 3
Flyers 1 1 2 4
Shots
1 2 3 T
Bruins 12 11 15 38
Flyers 18 12 10 40

1st period

1. Flyers , John Marino 1 (Jakub Vrana 1, Scott Laughton 2) at 10:02

Penalties :
MacKenzie Weegar (PHI) for Hooking (Minor) at 13:52, Dustin Brown (BOS) for Interference (Minor) at 19:57

2nd period

2. Flyers , Anthony Cirelli 1 (Aaron Ekblad 2) at 6:50
3. Bruins , Seth Jones 1 (Claude Giroux 1, Brady Tkachuk 2) at 7:26 (SH)

Penalties :
Dustin Brown (BOS) for Interference (Minor) at 7:12

3rd period

4. Bruins , Brady Tkachuk 1 (Dustin Brown 2) at 5:57
5. Bruins , Brady Tkachuk 2 (Dustin Brown 3, Claude Giroux 2) at 10:14
6. Flyers , Leon Draisaitl 1 (Patrick Kane 1, Kevin Fiala 1) at 12:44
7. Flyers , Travis Konecny 2 (Anthony Cirelli 2, Martin Necas 1) at 13:27

Penalties :
Brady Tkachuk (BOS) for Boarding (Minor) at 0:18, Brady Tkachuk (BOS) for Hooking (Minor) at 13:34, Brent Burns (BOS) for Hooking (Minor) at 19:48

Goalie Stats

Juuse Saros (BOS), 36 saves from 40 shots - (0,900), L, 0-2-0, 60:00 minutes
Ilya Samsonov (PHI), 35 saves from 38 shots - (0,921), W, 2-0-0, 60:00 minutes

Players Stats for Bruins

Player Name              G  A  P  +/- PIM S  H  SB GA TA FO     MP     PP MP  PK MP  
------------------------------------------------------------------------------------
Alex Barre-Boulet        0  0  0  -1  0   4  0  0  0  0  0/0     6:01   0:00   0:00 
Andy Greene              0  0  0  -1  0   0  0  1  0  0  0/0    12:39   0:00   0:11 
Anthony Beauvillier      0  0  0  -1  0   3  1  1  0  0  0/1    13:54   0:00   4:10 
Anthony Mantha           0  0  0  -1  0   2  2  0  0  2  0/0    17:25   0:57   0:00 
Brady Tkachuk            2  1  3   2  4   7  1  1  1  0  0/0    21:09   1:02   2:28 
Brent Burns              0  0  0   2  2   5  0  1  0  0  0/0    26:52   1:11   5:06 
Claude Giroux            0  2  2   2  0   4  2  1  1  0  23/41  23:14   1:02   4:56 
Dustin Brown             0  2  2   1  4   2  0  0  0  0  0/0    18:35   1:02   0:06 
Eric Staal               0  0  0  -1  0   0  0  0  0  0  3/3     6:01   0:00   0:00 
Jacob Larsson            0  0  0  -1  0   1  0  1  0  0  0/0    12:28   0:00   0:00 
Jakob Chychrun           0  0  0  -2  0   2  0  1  0  1  0/0    20:28   0:48   2:50 
Joel Edmundson           0  0  0  -2  0   1  0  1  0  2  0/0    20:28   0:48   2:50 
Luke Glendening          0  0  0  -1  0   0  1  0  0  0  0/1     9:14   0:00   0:00 
Matt Tennyson            0  0  0   0  0   0  0  0  0  0  0/0     2:31   0:00   0:00 
Max Comtois              0  0  0  -1  0   0  1  1  0  0  0/0     8:05   0:00   1:22 
Nico Hischier            0  0  0  -1  0   0  1  0  1  1  1/8    10:08   0:00   0:12 
Paul Stastny             0  0  0  -1  0   1  3  0  1  0  0/0    17:25   0:57   0:00 
Sean Monahan             0  0  0  -1  0   2  1  0  0  0  4/12   20:08   0:57   3:00 
Seth Jones               1  0  1   2  0   4  1  1  0  0  0/0    24:33   1:11   5:17 
Taylor Raddysh           0  0  0   0  0   0  0  0  0  0  0/0     0:30   0:00   0:00 

Players Stats for Flyers

Player Name              G  A  P  +/- PIM S  H  SB GA TA FO     MP     PP MP  PK MP  
------------------------------------------------------------------------------------
Aaron Ekblad             0  1  1   0  0   1  2  0  0  0  0/0    23:50   5:08   0:00 
Anthony Cirelli          1  1  2   1  0   2  0  0  0  0  13/23  18:12   3:29   0:50 
Calle Jarnkrok           0  0  0   1  0   3  0  0  0  0  0/0    11:47   0:00   1:02 
Drew O'Connor            0  0  0  -1  0   3  1  0  0  0  0/0     9:04   0:00   0:00 
Dylan Cozens             0  0  0  -1  0   0  0  0  0  0  0/0     9:04   0:00   0:00 
Gabriel Vilardi          0  0  0  -1  0   1  0  0  0  0  3/6     9:04   0:00   0:00 
Jakub Vrana              0  1  1   1  0   2  0  0  0  1  1/1    10:40   0:00   0:00 
John Marino              1  0  1   1  0   1  1  0  0  0  0/0    22:04   2:59   0:42 
Justin Holl              0  0  0   0  0   1  1  3  0  0  0/0    17:10   2:59   1:24 
Kevin Fiala              0  1  1   0  0   0  0  2  0  0  0/1    20:50   4:38   0:00 
Leon Draisaitl           1  0  1   0  0   5  3  1  0  1  14/23  21:40   4:38   0:50 
MacKenzie Weegar         0  0  0   0  2   4  3  2  0  1  0/0    23:55   5:08   0:00 
Martin Necas             0  1  1   1  0   2  0  0  1  0  0/2    17:22   3:29   0:00 
Noah Hanifin             0  0  0   1  0   0  1  3  1  0  0/0    19:06   0:00   0:42 
Patrick Kane             0  1  1   0  0   9  0  1  4  0  0/0    20:50   4:38   0:00 
Patrik Nemeth            0  0  0   0  0   0  1  0  0  1  0/0    14:06   0:00   1:17 
Scott Laughton           0  1  1   1  0   2  3  0  0  0  4/9    11:47   0:00   1:02 
Travis Konecny           1  0  1   1  0   4  3  1  0  0  0/1    17:29   3:29   0:07 

3 Stars

1 - Brady Tkachuk (BOS)
2 - Anthony Cirelli (PHI)
3 - Travis Konecny (PHI)

Power Play

Bruins - 0 on 1 Attempt(s) - 0,00%
Flyers - 0 on 5 Attempt(s) - 0,00%

Penalty Kill

Bruins - 5 on 5 Attempt(s) - 100,00% - Score 1 goal in Penalty Kill
Flyers - 1 on 1 Attempt(s) - 100,00% - Score 0 goal in Penalty Kill

Team Stat

Bruins - Hits : 14 - Faceoff Wins : 31 - Blocked Shots : 10 - Penalty Minutes : 10
Flyers - Hits : 19 - Faceoff Wins : 35 - Blocked Shots : 13 - Penalty Minutes : 2

Official

Referees : Andrew Howard and Dan O'Rourke
Linesman : Dennis Urban and Kyle Allen

Game Notes

No Game Note

Finance

Level 1 -- Attendance: 6000 (100,00%) -- Ticket Income 570 000 $
Level 2 -- Attendance: 5000 (100,00%) -- Ticket Income 270 000 $
Level 3 -- Attendance: 2000 (100,00%) -- Ticket Income 66 000 $
Level 4 -- Attendance: 4000 (100,00%) -- Ticket Income 88 000 $
Luxury Box -- Attendance: 1000 (100,00%) -- Ticket Income 165 000 $
Game was played at the Spectrum.
Total Attendance: 18000 (100,00%)
Total Ticket Income: 1 159 000 $
Other Income: 567 910 $
Total Income: 1 726 910 $

Bruins

5 vs 5 Forward 
   Center                   Left Wing                Right Wing               Time % Phy DF OF 
 1 Claude Giroux            Brady Tkachuk            Dustin Brown             40     1   2  2  
 2 Sean Monahan             Paul Stastny             Anthony Mantha           30     1   2  2  
 3 Nico Hischier            Anthony Beauvillier      Luke Glendening          20     1   2  2  
 4 Eric Staal               Alex Barre-Boulet        Max Comtois              10     1   2  2  

5 vs 5 Defense 
   Defense                  Defense                                           Time % Phy DF OF 
 1 Brent Burns              Seth Jones                                        40     1   2  2  
 2 Joel Edmundson           Jakob Chychrun                                    30     1   2  2  
 3 Jacob Larsson            Andy Greene                                       20     1   2  2  
 4 Matt Tennyson            Brent Burns                                       10     1   2  2  

PowerPlay Forward 
   Center                   Left Wing                Right Wing               Time % Phy DF OF 
 1 Claude Giroux            Brady Tkachuk            Dustin Brown             60     1   2  2  
 2 Sean Monahan             Paul Stastny             Anthony Mantha           40     1   2  2  

PowerPlay Defense
   Defense                  Defense                                           Time % Phy DF OF 
 1 Brent Burns              Seth Jones                                        60     1   2  2  
 2 Joel Edmundson           Jakob Chychrun                                    40     1   2  2  

Penalty Kill 4 Players Forward 
   Center                   Wing                     Time % Phy DF OF 
 1 Claude Giroux            Brady Tkachuk            60     1   2  2  
 2 Dustin Brown             Sean Monahan             40     1   2  2  

Penalty Kill 4 Players Defense
   Defense                  Defense                  Time % Phy DF OF 
 1 Brent Burns              Seth Jones               60     1   2  2  
 2 Joel Edmundson           Jakob Chychrun           40     1   2  2  

Penalty Kill - 3 Players Forward 
   Forward                                           Time % Phy DF OF 
 1 Claude Giroux                                     60     1   2  2  
 2 Brady Tkachuk                                     40     1   2  2  

Penalty Kill - 3 Players Defense
   Defense                  Defense                  Time % Phy DF OF 
 1 Brent Burns              Seth Jones               60     1   2  2  
 2 Joel Edmundson           Jakob Chychrun           40     1   2  2  

4 vs 4 Forward 
   Center                   Wing                     Time % Phy DF OF 
 1 Claude Giroux            Brady Tkachuk            60     1   2  2  
 2 Dustin Brown             Sean Monahan             40     1   2  2  

4 vs 4 Defense
   Defense                  Defense                  Time % Phy DF OF 
 1 Brent Burns              Seth Jones               60     1   2  2  
 2 Joel Edmundson           Jakob Chychrun           40     1   2  2  

Last Minutes Offensive
   Center                   Left Wing                Right Wing               Defense                  Defense                  
   Claude Giroux            Brady Tkachuk            Dustin Brown             Brent Burns              Seth Jones               

Last Minutes Defensive
   Center                   Left Wing                Right Wing               Defense                  Defense                  
   Claude Giroux            Brady Tkachuk            Dustin Brown             Brent Burns              Seth Jones               

Goaltenders
Starting : Juuse Saros              
Backup : Petr Mrazek              

Extra Forwards
Normal : Taylor Raddysh, Nico Hischier, Anthony Beauvillier - PP : Taylor Raddysh, Nico Hischier - PK : Anthony Beauvillier
Extra Defensemen
Normal : Jacob Larsson, Andy Greene, Matt Tennyson - PP : Jacob Larsson - PK : Andy Greene, Matt Tennyson
Penalty Shots
Brent Burns, Claude Giroux, Brady Tkachuk, Dustin Brown, Sean Monahan
Custom OT Lines Forwards
Brent Burns, Claude Giroux, Brady Tkachuk, Dustin Brown, Sean Monahan, Paul Stastny, Nico Hischier, Anthony Mantha, Anthony Beauvillier, Luke Glendening
Custom OT Lines Defensemen
Brent Burns, Seth Jones, Joel Edmundson, Jakob Chychrun, Jacob Larsson

Scratches
Dmitry Kulikov (Left Foot Injury), Dylan Gambrell (Healthy)

Flyers

5 vs 5 Forward 
   Center                   Left Wing                Right Wing               Time % Phy DF OF 
 1 Leon Draisaitl           Patrick Kane             Kevin Fiala              34     0   3  2  
 2 Anthony Cirelli          Martin Necas             Travis Konecny           33     0   3  2  
 3 Scott Laughton           Jakub Vrana              Calle Jarnkrok           23     0   3  2  
 4 Gabriel Vilardi          Drew O'Connor            Dylan Cozens             10     0   3  2  

5 vs 5 Defense 
   Defense                  Defense                                           Time % Phy DF OF 
 1 Aaron Ekblad             MacKenzie Weegar                                  38     0   4  1  
 2 John Marino              Noah Hanifin                                      36     0   4  1  
 3 Patrik Nemeth            Justin Holl                                       26     0   5  0  
 4 Aaron Ekblad             Noah Hanifin                                      0      0   5  0  

PowerPlay Forward 
   Center                   Left Wing                Right Wing               Time % Phy DF OF 
 1 Leon Draisaitl           Patrick Kane             Kevin Fiala              60     0   0  5  
 2 Anthony Cirelli          Martin Necas             Travis Konecny           40     0   0  5  

PowerPlay Defense
   Defense                  Defense                                           Time % Phy DF OF 
 1 Aaron Ekblad             MacKenzie Weegar                                  60     0   1  4  
 2 John Marino              Justin Holl                                       40     0   1  4  

Penalty Kill 4 Players Forward 
   Center                   Wing                     Time % Phy DF OF 
 1 Scott Laughton           Calle Jarnkrok           60     1   4  0  
 2 Leon Draisaitl           Anthony Cirelli          40     1   4  0  

Penalty Kill 4 Players Defense
   Defense                  Defense                  Time % Phy DF OF 
 1 Justin Holl              Patrik Nemeth            60     1   4  0  
 2 John Marino              Noah Hanifin             40     1   4  0  

Penalty Kill - 3 Players Forward 
   Forward                                           Time % Phy DF OF 
 1 Calle Jarnkrok                                    60     1   4  0  
 2 Scott Laughton                                    40     1   4  0  

Penalty Kill - 3 Players Defense
   Defense                  Defense                  Time % Phy DF OF 
 1 Justin Holl              Patrik Nemeth            60     1   4  0  
 2 John Marino              Noah Hanifin             40     1   4  0  

4 vs 4 Forward 
   Center                   Wing                     Time % Phy DF OF 
 1 Leon Draisaitl           Patrick Kane             60     0   2  3  
 2 Scott Laughton           Martin Necas             40     0   4  1  

4 vs 4 Defense
   Defense                  Defense                  Time % Phy DF OF 
 1 Aaron Ekblad             MacKenzie Weegar         60     0   4  1  
 2 John Marino              Justin Holl              40     0   4  1  

Last Minutes Offensive
   Center                   Left Wing                Right Wing               Defense                  Defense                  
   Leon Draisaitl           Patrick Kane             Martin Necas             Aaron Ekblad             MacKenzie Weegar         

Last Minutes Defensive
   Center                   Left Wing                Right Wing               Defense                  Defense                  
   Scott Laughton           Justin Holl              Calle Jarnkrok           Aaron Ekblad             MacKenzie Weegar         

Goaltenders
Starting : Ilya Samsonov            
Backup : Kevin Lankinen           

Extra Forwards
Normal : Jakub Vrana, Calle Jarnkrok, Scott Laughton - PP : Jakub Vrana, Calle Jarnkrok - PK : Justin Holl
Extra Defensemen
Normal : Justin Holl, Noah Hanifin, Patrik Nemeth - PP : John Marino - PK : Aaron Ekblad, MacKenzie Weegar
Penalty Shots
Leon Draisaitl, Patrick Kane, Jakub Vrana, Travis Konecny, Calle Jarnkrok
Custom OT Lines Forwards
Leon Draisaitl, Patrick Kane, Kevin Fiala, Anthony Cirelli, Justin Holl, Martin Necas, Calle Jarnkrok, Travis Konecny, Jakub Vrana, Scott Laughton
Custom OT Lines Defensemen
Aaron Ekblad, Noah Hanifin, MacKenzie Weegar, Justin Holl, John Marino

Scratches
Wade Allison (Healthy), Justin Schultz (Healthy)

% Time on Ice - Bruins

Lines # - Real PCT - Wanted PCT - Time Play
Normal Forward
1 - 35% - 40% - 17:17
2 - 34% - 30% - 16:28
3 - 19% - 20% - 9:14
4 - 12% - 10% - 6:01
Normal Defense
1 - 35% - 40% - 17:11
2 - 34% - 30% - 16:50
3 - 25% - 20% - 12:28
4 - 5% - 10% - 2:31
PP Forward
1 - 52% - 60% - 1:02
2 - 48% - 40% - 0:57
PP Defense
1 - 60% - 60% - 1:11
2 - 40% - 40% - 0:48
PK Forward
1 - 84% - 60% - 6:50
2 - 16% - 40% - 1:17
PK Defense
1 - 65% - 60% - 5:17
2 - 35% - 40% - 2:50
PK3 Forward
1 - 0% - 60%
2 - 0% - 40%
PK3 Defense
1 - 0% - 60%
2 - 0% - 40%
44 Forward
1 - 0% - 60%
2 - 0% - 40%
44 Defense
1 - 0% - 60%
2 - 0% - 40%
Last Minute Offensive  - 0:54
Last Minute Defensive  - 0:00
Total
Forward - 60:00
Defense - 60:00

% Time on Ice - Flyers

Lines # - Real PCT - Wanted PCT - Time Play
Normal Forward
1 - 33% - 34% - 16:13
2 - 28% - 33% - 13:53
3 - 20% - 23% - 9:49
4 - 19% - 10% - 9:04
Normal Defense
1 - 37% - 38% - 17:53
2 - 38% - 36% - 18:23
3 - 25% - 26% - 12:11
4 - 1% - 0% - 0:32
PP Forward
1 - 57% - 60% - 4:38
2 - 43% - 40% - 3:29
PP Defense
1 - 63% - 60% - 5:08
2 - 37% - 40% - 2:59
PK Forward
1 - 87% - 60% - 1:44
2 - 13% - 40% - 0:15
PK Defense
1 - 65% - 60% - 1:17
2 - 35% - 40% - 0:42
PK3 Forward
1 - 0% - 60%
2 - 0% - 40%
PK3 Defense
1 - 0% - 60%
2 - 0% - 40%
44 Forward
1 - 0% - 60%
2 - 0% - 40%
44 Defense
1 - 0% - 60%
2 - 0% - 40%
Last Minute Offensive  - 0:00
Last Minute Defensive  - 0:55
Total
Forward - 60:00
Defense - 60:00

Play-by-Play

1st period


0:01 of 1st period - Claude Giroux wins face-off versus Leon Draisaitl in neutral zone.
0:41 of 1st period - Paul Stastny is hit by Travis Konecny and loses puck.
0:52 of 1st period - Nico Hischier is hit by Scott Laughton and loses puck.
1:13 of 1st period - Joel Edmundson is hit by Drew O'Connor and loses puck.
1:20 of 1st period - Wrist shot by Gabriel Vilardi.
1:20 of 1st period - Shot Misses the Net.
1:22 of 1st period - Wrist shot by Dylan Cozens.
1:22 of 1st period - Shot Misses the Net.
1:24 of 1st period - Slapshot by Patrik Nemeth.
1:24 of 1st period - Shot Misses the Net.
1:26 of 1st period - Snap shot by Patrik Nemeth.
1:26 of 1st period - Shot Misses the Net.
2:48 of 1st period - Wrist shot by Alex Barre-Boulet.
2:48 of 1st period - Stopped by Ilya Samsonov without a rebound.
2:49 of 1st period - Leon Draisaitl wins face-off versus Claude Giroux in Flyers zone.
3:12 of 1st period - Jacob Larsson is hit by Leon Draisaitl and loses puck.
3:19 of 1st period - Wrist shot by Dustin Brown.
3:19 of 1st period - Stopped by Ilya Samsonov without a rebound.
3:20 of 1st period - Anthony Cirelli wins face-off versus Sean Monahan in Flyers zone.
3:32 of 1st period - Icing by Anthony Cirelli.
3:33 of 1st period - Claude Giroux wins face-off versus Anthony Cirelli in Flyers zone.
3:48 of 1st period - Slapshot by Anthony Cirelli.
3:48 of 1st period - Shot Blocked by Brady Tkachuk.
3:50 of 1st period - Wrist shot by Anthony Cirelli.
3:50 of 1st period - Deflect By Brent Burns.
3:50 of 1st period - Shot Blocked by Brent Burns.
3:50 of 1st period - Puck is out of play.
3:51 of 1st period - Scott Laughton wins face-off versus Sean Monahan in Bruins zone.
4:18 of 1st period - John Marino is hit by Nico Hischier and loses puck.
4:41 of 1st period - Wrist shot by Travis Konecny.
4:41 of 1st period - Stopped by Juuse Saros with a rebound.
4:45 of 1st period - Snap shot by Travis Konecny.
4:45 of 1st period - Stopped by Juuse Saros without a rebound.
4:46 of 1st period - Anthony Cirelli wins face-off versus Claude Giroux in Bruins zone.
5:06 of 1st period - Icing by Andy Greene.
5:07 of 1st period - Jakub Vrana wins face-off versus Sean Monahan in Bruins zone.
5:10 of 1st period - Slapshot by Calle Jarnkrok.
5:10 of 1st period - Shot Misses the Net.
5:12 of 1st period - Snap shot by Scott Laughton.
5:12 of 1st period - Stopped by Juuse Saros without a rebound.
5:13 of 1st period - Sean Monahan wins face-off versus Scott Laughton in Bruins zone.
5:26 of 1st period - Slapshot by Jakub Vrana.
5:26 of 1st period - Shot Misses the Net.
5:45 of 1st period - Wrist shot by Leon Draisaitl.
5:45 of 1st period - Stopped by Juuse Saros with a rebound.
5:47 of 1st period - Slapshot by Leon Draisaitl.
5:47 of 1st period - Shot Misses the Net.
5:49 of 1st period - Slapshot by MacKenzie Weegar.
5:49 of 1st period - Stopped by Juuse Saros without a rebound.
5:50 of 1st period - Anthony Cirelli wins face-off versus Luke Glendening in Bruins zone.
5:57 of 1st period - Wrist shot by Travis Konecny.
5:57 of 1st period - Shot Misses the Net.
5:59 of 1st period - Slapshot by MacKenzie Weegar.
5:59 of 1st period - Stopped by Juuse Saros without a rebound.
6:00 of 1st period - Anthony Cirelli wins face-off versus Anthony Beauvillier in Bruins zone.
6:09 of 1st period - Wrist shot by Anthony Cirelli.
6:09 of 1st period - Deflect By Travis Konecny.
6:09 of 1st period - Stopped by Juuse Saros without a rebound.
6:10 of 1st period - Leon Draisaitl wins face-off versus Claude Giroux in Bruins zone.
6:21 of 1st period - Snap shot by Leon Draisaitl.
6:21 of 1st period - Shot Misses the Net.
6:51 of 1st period - Snap shot by Leon Draisaitl.
6:51 of 1st period - Stopped by Juuse Saros with a rebound.
6:53 of 1st period - Snap shot by Kevin Fiala.
6:53 of 1st period - Shot Misses the Net.
6:55 of 1st period - Slapshot by John Marino.
6:55 of 1st period - Shot Misses the Net.
6:57 of 1st period - Wrist shot by Leon Draisaitl.
6:57 of 1st period - Shot Blocked by Joel Edmundson.
6:59 of 1st period - Slapshot by John Marino.
6:59 of 1st period - Shot Blocked by Jakob Chychrun.
7:17 of 1st period - Snap shot by Kevin Fiala.
7:17 of 1st period - Shot Misses the Net.
7:19 of 1st period - Snap shot by John Marino.
7:19 of 1st period - Shot Misses the Net.
7:21 of 1st period - Snap shot by Kevin Fiala.
7:21 of 1st period - Deflect By Patrick Kane.
7:21 of 1st period - Stopped by Juuse Saros with a rebound.
7:46 of 1st period - Snap shot by Alex Barre-Boulet.
7:46 of 1st period - Stopped by Ilya Samsonov without a rebound.
7:47 of 1st period - Claude Giroux wins face-off versus Anthony Cirelli in Flyers zone.
7:48 of 1st period - Slapshot by Brady Tkachuk.
7:48 of 1st period - Stopped by Ilya Samsonov with a rebound.
7:54 of 1st period - Snap shot by Claude Giroux.
7:54 of 1st period - Stopped by Ilya Samsonov with a rebound.
7:56 of 1st period - Wrist shot by Brady Tkachuk.
7:56 of 1st period - Stopped by Ilya Samsonov with a rebound.
7:58 of 1st period - Wrist shot by Seth Jones.
7:58 of 1st period - Stopped by Ilya Samsonov with a rebound.
8:00 of 1st period - Slapshot by Seth Jones.
8:00 of 1st period - Shot Blocked by MacKenzie Weegar.
8:02 of 1st period - Slapshot by Brent Burns.
8:02 of 1st period - Stopped by Ilya Samsonov without a rebound.
8:03 of 1st period - Sean Monahan wins face-off versus Scott Laughton in Flyers zone.
8:48 of 1st period - Off-side.
8:49 of 1st period - Gabriel Vilardi wins face-off versus Nico Hischier in neutral zone.
9:53 of 1st period - Claude Giroux is hit by John Marino and loses puck.
10:00 of 1st period - Snap shot by Jakub Vrana.
10:00 of 1st period - Shot Misses the Net.
10:02 of 1st period - Slapshot by John Marino.
10:02 of 1st period - Goal by John Marino - Bruins : 0 - Flyers : 1.
10:03 of 1st period - Sean Monahan wins face-off versus Anthony Cirelli in neutral zone.
10:37 of 1st period - Snap shot by Brady Tkachuk.
10:37 of 1st period - Stopped by Ilya Samsonov with a rebound.
11:19 of 1st period - Wrist shot by Alex Barre-Boulet.
11:19 of 1st period - Stopped by Ilya Samsonov with a rebound.
11:21 of 1st period - Slapshot by Jacob Larsson.
11:21 of 1st period - Shot Blocked by Justin Holl.
11:33 of 1st period - Anthony Cirelli is hit by Paul Stastny and loses puck.
12:20 of 1st period - Snap shot by Patrick Kane.
12:20 of 1st period - Stopped by Juuse Saros with a rebound.
12:46 of 1st period - Wrist shot by Anthony Beauvillier.
12:46 of 1st period - Shot Misses the Net.
13:04 of 1st period - Slapshot by Martin Necas.
13:04 of 1st period - Stopped by Juuse Saros without a rebound.
13:05 of 1st period - Leon Draisaitl wins face-off versus Claude Giroux in Bruins zone.
13:10 of 1st period - Wrist shot by Leon Draisaitl.
13:10 of 1st period - Deflect By Patrick Kane.
13:10 of 1st period - Stopped by Juuse Saros without a rebound.
13:11 of 1st period - Leon Draisaitl wins face-off versus Claude Giroux in Bruins zone.
13:24 of 1st period - Snap shot by Leon Draisaitl.
13:24 of 1st period - Stopped by Juuse Saros with a rebound.
13:26 of 1st period - Slapshot by Noah Hanifin.
13:26 of 1st period - Shot Blocked by Seth Jones.
13:41 of 1st period - Slapshot by Patrick Kane.
13:41 of 1st period - Stopped by Juuse Saros without a rebound.
13:42 of 1st period - Scott Laughton wins face-off versus Sean Monahan in Bruins zone.
13:45 of 1st period - Snap shot by Calle Jarnkrok.
13:45 of 1st period - Stopped by Juuse Saros with a rebound.
13:52 of 1st period - Minor Penalty to MacKenzie Weegar for Hooking.
13:53 of 1st period - Claude Giroux wins face-off versus Scott Laughton in Flyers zone.
15:52 of 1st period - Penalty to MacKenzie Weegar is over, MacKenzie Weegar is back on ice.
15:55 of 1st period - Icing by Patrik Nemeth.
15:56 of 1st period - Gabriel Vilardi wins face-off versus Nico Hischier in Flyers zone.
16:01 of 1st period - Backhand shot by Aaron Ekblad.
16:01 of 1st period - Stopped by Juuse Saros with a rebound.
16:03 of 1st period - Slapshot by MacKenzie Weegar.
16:03 of 1st period - Stopped by Juuse Saros with a rebound.
16:05 of 1st period - Wrist shot by Dylan Cozens.
16:05 of 1st period - Deflect By Luke Glendening.
16:05 of 1st period - Shot Misses the Net.
16:05 of 1st period - Puck is out of play.
16:06 of 1st period - Leon Draisaitl wins face-off versus Nico Hischier in Bruins zone.
17:02 of 1st period - Slapshot by Paul Stastny.
17:02 of 1st period - Shot Blocked by Noah Hanifin.
17:18 of 1st period - Snap shot by Jakub Vrana.
17:18 of 1st period - Shot Blocked by Max Comtois.
18:13 of 1st period - Anthony Cirelli is hit by Anthony Mantha and loses puck.
18:22 of 1st period - Snap shot by Paul Stastny.
18:22 of 1st period - Stopped by Ilya Samsonov with a rebound.
19:40 of 1st period - Wrist shot by Anthony Mantha.
19:40 of 1st period - Stopped by Ilya Samsonov without a rebound.
19:41 of 1st period - Claude Giroux wins face-off versus Anthony Cirelli in Flyers zone.
19:57 of 1st period - Minor Penalty to Dustin Brown for Interference.
19:58 of 1st period - Claude Giroux wins face-off versus Leon Draisaitl in Bruins zone.
Goals for this period are 0 for Bruins vs 1 for Flyers.
Shots for this period are 12 for Bruins vs 18 for Flyers.

2nd period


0:01 of 2nd period - Claude Giroux wins face-off versus Leon Draisaitl in neutral zone.
0:30 of 2nd period - Claude Giroux is hit by MacKenzie Weegar and loses puck.
1:12 of 2nd period - Slapshot by Martin Necas.
1:12 of 2nd period - Stopped by Juuse Saros with a rebound.
1:14 of 2nd period - Slapshot by MacKenzie Weegar.
1:14 of 2nd period - Stopped by Juuse Saros without a rebound.
1:15 of 2nd period - Claude Giroux wins face-off versus Kevin Fiala in Bruins zone.
1:26 of 2nd period - Wrist shot by Patrick Kane.
1:26 of 2nd period - Shot Blocked by Claude Giroux.
1:57 of 2nd period - Penalty to Dustin Brown is over, Dustin Brown is back on ice.
3:29 of 2nd period - Snap shot by Paul Stastny.
3:29 of 2nd period - Shot Misses the Net.
3:33 of 2nd period - Slapshot by Anthony Mantha.
3:33 of 2nd period - Stopped by Ilya Samsonov without a rebound.
3:34 of 2nd period - Gabriel Vilardi wins face-off versus Sean Monahan in Flyers zone.
4:51 of 2nd period - Justin Holl is hit by Brady Tkachuk and loses puck.
5:00 of 2nd period - Wrist shot by Brady Tkachuk.
5:00 of 2nd period - Shot Misses the Net.
5:02 of 2nd period - Snap shot by Brady Tkachuk.
5:02 of 2nd period - Deflect By Scott Laughton.
5:02 of 2nd period - Shot Misses the Net.
5:02 of 2nd period - Puck is out of play.
5:03 of 2nd period - Leon Draisaitl wins face-off versus Nico Hischier in Flyers zone.
5:12 of 2nd period - Wrist shot by Anthony Beauvillier.
5:12 of 2nd period - Stopped by Ilya Samsonov with a rebound.
5:14 of 2nd period - Snap shot by Nico Hischier.
5:14 of 2nd period - Shot Blocked by Kevin Fiala.
5:16 of 2nd period - Slapshot by Jacob Larsson.
5:16 of 2nd period - Stopped by Ilya Samsonov with a rebound.
5:18 of 2nd period - Slapshot by Luke Glendening.
5:18 of 2nd period - Shot Blocked by Patrick Kane.
5:28 of 2nd period - Brady Tkachuk is hit by Travis Konecny and loses puck.
6:32 of 2nd period - Slapshot by Claude Giroux.
6:32 of 2nd period - Shot Misses the Net.
6:40 of 2nd period - Wrist shot by Brady Tkachuk.
6:40 of 2nd period - Shot Blocked by Leon Draisaitl.
6:50 of 2nd period - Wrist shot by Anthony Cirelli.
6:50 of 2nd period - Goal by Anthony Cirelli - Bruins : 0 - Flyers : 2.
6:51 of 2nd period - Claude Giroux wins face-off versus Anthony Cirelli in neutral zone.
7:12 of 2nd period - Minor Penalty to Dustin Brown for Interference.
7:13 of 2nd period - Claude Giroux wins face-off versus Leon Draisaitl in Bruins zone.
7:24 of 2nd period - Wrist shot by Claude Giroux.
7:24 of 2nd period - Stopped by Ilya Samsonov with a rebound.
7:26 of 2nd period - Slapshot by Seth Jones.
7:26 of 2nd period - Goal by Seth Jones - Bruins : 1 - Flyers : 2.
7:27 of 2nd period - Leon Draisaitl wins face-off versus Claude Giroux in neutral zone.
7:42 of 2nd period - Brady Tkachuk is hit by Aaron Ekblad and loses puck.
9:12 of 2nd period - Penalty to Dustin Brown is over, Dustin Brown is back on ice.
9:22 of 2nd period - Snap shot by Drew O'Connor.
9:22 of 2nd period - Stopped by Juuse Saros with a rebound.
9:24 of 2nd period - Snap shot by Gabriel Vilardi.
9:24 of 2nd period - Stopped by Juuse Saros without a rebound.
9:25 of 2nd period - Eric Staal wins face-off versus Gabriel Vilardi in Bruins zone.
9:38 of 2nd period - Wrist shot by Alex Barre-Boulet.
9:38 of 2nd period - Stopped by Ilya Samsonov with a rebound.
10:21 of 2nd period - Wrist shot by Drew O'Connor.
10:21 of 2nd period - Shot Misses the Net.
10:23 of 2nd period - Snap shot by Justin Holl.
10:23 of 2nd period - Shot Blocked by Jacob Larsson.
10:25 of 2nd period - Wrist shot by Gabriel Vilardi.
10:25 of 2nd period - Shot Misses the Net.
10:29 of 2nd period - Slapshot by Drew O'Connor.
10:29 of 2nd period - Stopped by Juuse Saros with a rebound.
10:31 of 2nd period - Slapshot by Patrik Nemeth.
10:31 of 2nd period - Shot Blocked by Andy Greene.
10:33 of 2nd period - Slapshot by Justin Holl.
10:33 of 2nd period - Deflect By Paul Stastny.
10:33 of 2nd period - Stopped by Juuse Saros without a rebound.
10:34 of 2nd period - Claude Giroux wins face-off versus Leon Draisaitl in Bruins zone.
10:46 of 2nd period - Off-side.
10:47 of 2nd period - Claude Giroux wins face-off versus Travis Konecny in neutral zone.
10:49 of 2nd period - Off-side.
10:50 of 2nd period - Anthony Cirelli wins face-off versus Claude Giroux in neutral zone.
10:52 of 2nd period - Aaron Ekblad is hit by Seth Jones and loses puck.
10:55 of 2nd period - Snap shot by Travis Konecny.
10:55 of 2nd period - Shot Misses the Net.
10:57 of 2nd period - Snap shot by Anthony Cirelli.
10:57 of 2nd period - Stopped by Juuse Saros with a rebound.
10:59 of 2nd period - Wrist shot by Travis Konecny.
10:59 of 2nd period - Shot Misses the Net.
11:17 of 2nd period - Wrist shot by Sean Monahan.
11:17 of 2nd period - Stopped by Ilya Samsonov with a rebound.
11:19 of 2nd period - Slapshot by Seth Jones.
11:19 of 2nd period - Shot Misses the Net.
11:21 of 2nd period - Snap shot by Paul Stastny.
11:21 of 2nd period - Shot Blocked by MacKenzie Weegar.
11:23 of 2nd period - Wrist shot by Sean Monahan.
11:23 of 2nd period - Shot Misses the Net.
11:25 of 2nd period - Snap shot by Brent Burns.
11:25 of 2nd period - Stopped by Ilya Samsonov with a rebound.
11:27 of 2nd period - Slapshot by Seth Jones.
11:27 of 2nd period - Stopped by Ilya Samsonov without a rebound.
11:28 of 2nd period - Anthony Cirelli wins face-off versus Nico Hischier in Flyers zone.
11:33 of 2nd period - Nico Hischier is hit by Travis Konecny and loses puck.
11:43 of 2nd period - Slapshot by Jakob Chychrun.
11:43 of 2nd period - Shot Misses the Net.
11:53 of 2nd period - Jakob Chychrun is hit by Noah Hanifin.
12:03 of 2nd period - Wrist shot by Brady Tkachuk.
12:03 of 2nd period - Stopped by Ilya Samsonov without a rebound.
12:04 of 2nd period - Anthony Cirelli wins face-off versus Sean Monahan in Flyers zone.
12:19 of 2nd period - Snap shot by Sean Monahan.
12:19 of 2nd period - Shot Misses the Net.
12:56 of 2nd period - Dylan Cozens is hit by Claude Giroux and loses puck.
14:27 of 2nd period - Slapshot by Brady Tkachuk.
14:27 of 2nd period - Deflect By Claude Giroux.
14:27 of 2nd period - Shot Blocked by Noah Hanifin.
14:27 of 2nd period - Puck is out of play.
14:28 of 2nd period - Sean Monahan wins face-off versus Leon Draisaitl in Flyers zone.
14:55 of 2nd period - Travis Konecny is hit by Luke Glendening.
15:24 of 2nd period - Icing by Jacob Larsson.
15:25 of 2nd period - Leon Draisaitl wins face-off versus Nico Hischier in Bruins zone.
15:30 of 2nd period - Snap shot by Patrick Kane.
15:30 of 2nd period - Stopped by Juuse Saros without a rebound.
15:31 of 2nd period - Leon Draisaitl wins face-off versus Sean Monahan in Bruins zone.
15:32 of 2nd period - Wrist shot by Patrick Kane.
15:32 of 2nd period - Stopped by Juuse Saros with a rebound.
15:40 of 2nd period - Snap shot by Sean Monahan.
15:40 of 2nd period - Shot Misses the Net.
15:42 of 2nd period - Wrist shot by Brent Burns.
15:42 of 2nd period - Stopped by Ilya Samsonov with a rebound.
15:44 of 2nd period - Slapshot by Seth Jones.
15:44 of 2nd period - Shot Blocked by Kevin Fiala.
16:17 of 2nd period - Slapshot by Calle Jarnkrok.
16:17 of 2nd period - Stopped by Juuse Saros with a rebound.
16:37 of 2nd period - Paul Stastny is hit by MacKenzie Weegar and loses puck.
16:54 of 2nd period - Icing by Patrik Nemeth.
16:55 of 2nd period - Eric Staal wins face-off versus Martin Necas in Flyers zone.
18:21 of 2nd period - Patrick Kane is hit by Paul Stastny and loses puck.
18:58 of 2nd period - Kevin Fiala is hit by Paul Stastny and loses puck.
19:11 of 2nd period - Andy Greene is hit by Leon Draisaitl and loses puck.
19:36 of 2nd period - Snap shot by Kevin Fiala.
19:36 of 2nd period - Shot Misses the Net.
19:38 of 2nd period - Wrist shot by Patrick Kane.
19:38 of 2nd period - Shot Misses the Net.
19:56 of 2nd period - Wrist shot by Patrick Kane.
19:56 of 2nd period - Stopped by Juuse Saros without a rebound.
19:57 of 2nd period - Anthony Cirelli wins face-off versus Claude Giroux in Bruins zone.
Goals for this period are 1 for Bruins vs 1 for Flyers.
Shots for this period are 11 for Bruins vs 12 for Flyers.

3rd period


0:01 of 3rd period - Anthony Cirelli wins face-off versus Claude Giroux in neutral zone.
0:18 of 3rd period - Minor Penalty to Brady Tkachuk for Boarding.
0:19 of 3rd period - Claude Giroux wins face-off versus Leon Draisaitl in Bruins zone.
0:31 of 3rd period - Slapshot by Claude Giroux.
0:31 of 3rd period - Stopped by Ilya Samsonov without a rebound.
0:32 of 3rd period - Claude Giroux wins face-off versus Leon Draisaitl in Flyers zone.
0:33 of 3rd period - Slapshot by Anthony Beauvillier.
0:33 of 3rd period - Stopped by Ilya Samsonov with a rebound.
0:35 of 3rd period - Slapshot by Seth Jones.
0:35 of 3rd period - Stopped by Ilya Samsonov without a rebound.
0:36 of 3rd period - Leon Draisaitl wins face-off versus Claude Giroux in Flyers zone.
0:41 of 3rd period - Slapshot by Aaron Ekblad.
0:41 of 3rd period - Shot Blocked by Anthony Beauvillier.
0:49 of 3rd period - Wrist shot by Anthony Beauvillier.
0:49 of 3rd period - Deflect By Claude Giroux.
0:49 of 3rd period - Shot Misses the Net.
0:49 of 3rd period - Puck is out of play.
0:50 of 3rd period - Leon Draisaitl wins face-off versus Claude Giroux in Flyers zone.
2:09 of 3rd period - Anthony Beauvillier is hit by Leon Draisaitl and loses puck.
2:18 of 3rd period - Penalty to Brady Tkachuk is over, Brady Tkachuk is back on ice.
3:03 of 3rd period - Slapshot by Aaron Ekblad.
3:03 of 3rd period - Deflect By Drew O'Connor.
3:03 of 3rd period - Stopped by Juuse Saros without a rebound.
3:04 of 3rd period - Eric Staal wins face-off versus Gabriel Vilardi in Bruins zone.
3:17 of 3rd period - Gabriel Vilardi is hit by Max Comtois and loses puck.
3:28 of 3rd period - Dustin Brown is hit by Patrik Nemeth.
4:01 of 3rd period - Icing by Dylan Cozens.
4:02 of 3rd period - Nico Hischier wins face-off versus Anthony Cirelli in Flyers zone.
4:09 of 3rd period - Snap shot by Nico Hischier.
4:09 of 3rd period - Deflect By Anthony Beauvillier.
4:09 of 3rd period - Stopped by Ilya Samsonov with a rebound.
4:11 of 3rd period - Snap shot by Anthony Beauvillier.
4:11 of 3rd period - Shot Misses the Net.
4:13 of 3rd period - Slapshot by Joel Edmundson.
4:13 of 3rd period - Stopped by Ilya Samsonov with a rebound.
4:15 of 3rd period - Slapshot by Jakob Chychrun.
4:15 of 3rd period - Deflect By Patrik Nemeth.
4:15 of 3rd period - Stopped by Ilya Samsonov with a rebound.
4:17 of 3rd period - Slapshot by Jakob Chychrun.
4:17 of 3rd period - Stopped by Ilya Samsonov with a rebound.
4:37 of 3rd period - Snap shot by Brady Tkachuk.
4:37 of 3rd period - Stopped by Ilya Samsonov with a rebound.
4:55 of 3rd period - Snap shot by Sean Monahan.
4:55 of 3rd period - Shot Misses the Net.
4:57 of 3rd period - Slapshot by Andy Greene.
4:57 of 3rd period - Shot Blocked by Justin Holl.
5:11 of 3rd period - Max Comtois is hit by Justin Holl and loses puck.
5:40 of 3rd period - Off-side.
5:41 of 3rd period - Claude Giroux wins face-off versus Gabriel Vilardi in neutral zone.
5:57 of 3rd period - Wrist shot by Brady Tkachuk.
5:57 of 3rd period - Goal by Brady Tkachuk - Bruins : 2 - Flyers : 2.
5:58 of 3rd period - Anthony Cirelli wins face-off versus Claude Giroux in neutral zone.
6:23 of 3rd period - Kevin Fiala is hit by Sean Monahan and loses puck.
6:38 of 3rd period - Leon Draisaitl is hit by Anthony Mantha and loses puck.
6:46 of 3rd period - Icing by MacKenzie Weegar.
6:47 of 3rd period - Leon Draisaitl wins face-off versus Nico Hischier in Flyers zone.
7:12 of 3rd period - Slapshot by Martin Necas.
7:12 of 3rd period - Shot Misses the Net.
7:14 of 3rd period - Snap shot by Calle Jarnkrok.
7:14 of 3rd period - Stopped by Juuse Saros with a rebound.
8:05 of 3rd period - Off-side.
8:06 of 3rd period - Claude Giroux wins face-off versus Anthony Cirelli in neutral zone.
8:11 of 3rd period - Slapshot by Dustin Brown.
8:11 of 3rd period - Shot Blocked by Travis Konecny.
8:21 of 3rd period - Wrist shot by Martin Necas.
8:21 of 3rd period - Deflect By Anthony Cirelli.
8:21 of 3rd period - Shot Misses the Net.
8:21 of 3rd period - Puck is out of play.
8:22 of 3rd period - Leon Draisaitl wins face-off versus Sean Monahan in Bruins zone.
9:31 of 3rd period - Snap shot by Anthony Mantha.
9:31 of 3rd period - Deflect By Sean Monahan.
9:31 of 3rd period - Stopped by Ilya Samsonov with a rebound.
9:52 of 3rd period - Off-side.
9:53 of 3rd period - Claude Giroux wins face-off versus Anthony Cirelli in neutral zone.
9:58 of 3rd period - Backhand shot by Brent Burns.
9:58 of 3rd period - Stopped by Ilya Samsonov with a rebound.
10:00 of 3rd period - Wrist shot by Dustin Brown.
10:00 of 3rd period - Stopped by Ilya Samsonov with a rebound.
10:02 of 3rd period - Slapshot by Claude Giroux.
10:02 of 3rd period - Stopped by Ilya Samsonov without a rebound.
10:03 of 3rd period - Claude Giroux wins face-off versus Martin Necas in Flyers zone.
10:04 of 3rd period - Wrist shot by Dustin Brown.
10:04 of 3rd period - Shot Hit the Post.
10:06 of 3rd period - Slapshot by Brent Burns.
10:06 of 3rd period - Stopped by Ilya Samsonov without a rebound.
10:07 of 3rd period - Claude Giroux wins face-off versus Anthony Cirelli in Flyers zone.
10:14 of 3rd period - Snap shot by Brady Tkachuk.
10:14 of 3rd period - Goal by Brady Tkachuk - Bruins : 3 - Flyers : 2.
10:15 of 3rd period - Claude Giroux wins face-off versus Anthony Cirelli in neutral zone.
10:45 of 3rd period - Leon Draisaitl is hit by Anthony Beauvillier and loses puck.
11:24 of 3rd period - Snap shot by Leon Draisaitl.
11:24 of 3rd period - Stopped by Juuse Saros with a rebound.
11:32 of 3rd period - Snap shot by Patrick Kane.
11:32 of 3rd period - Stopped by Juuse Saros with a rebound.
12:28 of 3rd period - Wrist shot by Patrick Kane.
12:28 of 3rd period - Stopped by Juuse Saros with a rebound.
12:30 of 3rd period - Wrist shot by Patrick Kane.
12:30 of 3rd period - Shot Misses the Net.
12:44 of 3rd period - Snap shot by Leon Draisaitl.
12:44 of 3rd period - Goal by Leon Draisaitl - Bruins : 3 - Flyers : 3.
12:45 of 3rd period - Anthony Cirelli wins face-off versus Claude Giroux in neutral zone.
13:27 of 3rd period - Snap shot by Travis Konecny.
13:27 of 3rd period - Goal by Travis Konecny - Bruins : 3 - Flyers : 4.
13:28 of 3rd period - Scott Laughton wins face-off versus Claude Giroux in neutral zone.
13:34 of 3rd period - Minor Penalty to Brady Tkachuk for Hooking.
13:35 of 3rd period - Anthony Cirelli wins face-off versus Claude Giroux in Bruins zone.
14:08 of 3rd period - Slapshot by Aaron Ekblad.
14:08 of 3rd period - Deflect By Kevin Fiala.
14:08 of 3rd period - Shot Misses the Net.
14:08 of 3rd period - Puck is out of play.
14:09 of 3rd period - Claude Giroux wins face-off versus Leon Draisaitl in Bruins zone.
15:34 of 3rd period - Penalty to Brady Tkachuk is over, Brady Tkachuk is back on ice.
16:43 of 3rd period - Snap shot by Paul Stastny.
16:43 of 3rd period - Shot Blocked by Justin Holl.
17:28 of 3rd period - Icing by Justin Holl.
17:29 of 3rd period - Anthony Cirelli wins face-off versus Claude Giroux in Flyers zone.
17:29 of 3rd period - Anthony Cirelli is hit by Claude Giroux.
18:07 of 3rd period - Anthony Mantha is hit by Scott Laughton and loses puck.
18:28 of 3rd period - Wrist shot by Nico Hischier.
18:28 of 3rd period - Shot Blocked by Noah Hanifin.
19:02 of 3rd period - Snap shot by Scott Laughton.
19:02 of 3rd period - Stopped by Juuse Saros without a rebound.
19:03 of 3rd period - Alain Vigneault call a timeout for Bruins.
19:03 of 3rd period - Claude Giroux wins face-off versus Scott Laughton in Bruins zone.
19:03 of 3rd period - Claude Giroux is hit by Aaron Ekblad.
19:15 of 3rd period - Brent Burns is hit by Scott Laughton and loses puck.
19:32 of 3rd period - Slapshot by Jakub Vrana.
19:32 of 3rd period - Stopped by Juuse Saros without a rebound.
19:33 of 3rd period - Scott Laughton wins face-off versus Claude Giroux in Bruins zone.
19:44 of 3rd period - Snap shot by Jakub Vrana.
19:44 of 3rd period - Stopped by Juuse Saros without a rebound.
19:45 of 3rd period - Claude Giroux wins face-off versus Scott Laughton in Bruins zone.
19:45 of 3rd period - Claude Giroux is hit by MacKenzie Weegar.
19:48 of 3rd period - Minor Penalty to Brent Burns for Hooking.
19:49 of 3rd period - Leon Draisaitl wins face-off versus Claude Giroux in Bruins zone.
Goals for this period are 2 for Bruins vs 2 for Flyers.
Shots for this period are 15 for Bruins vs 10 for Flyers. Output by the SimonT Hockey Simulator (STHS) for Eric Tremblay - Original Page W3C HTML5 Valid
Hockey Simulator - Hockey Simulation - Hockey Manager